 Dungeon Crawl Stone Soup version 0.26.1-11-gd32895ea62 (webtiles) character file.

Game seed: 13790773021907987882

3529 Almogavar the Destroyer (level 9, -9/67 HPs)
             Began as a Purple Draconian Conjurer on June 24, 2021.
             Was a Priest of Nemelex Xobeh.
             Mangled by an ettin (14 damage)
             ... on level 11 of the Dungeon on June 25, 2021.
             The game lasted 00:32:46 (7324 turns).

Almogavar the Destroyer (Purple Draconian Conjurer) Turns: 7324, Time: 00:32:47

Health: -9/67      AC: 11    Str: 11    XL:     9   Next: 82%
Magic:  2/21       EV: 13    Int: 21    God:    Nemelex Xobeh [***...]
Gold:   431        SH:  0    Dex:  9    Spells: 18/25 levels left

rFire    . . .     SeeInvis .   b - +2 dagger (flame)
rCold    . . .     Faith    .   (no shield)
rNeg     . . .     Spirit   .   (armour unavailable)
rPois    .         Reflect  .   (helmet restricted)
rElec    .         Harm     .   w - +0 cloak
rCorr    .         Rampage  .   r - +0 pair of gloves
Will     ++...                  u - +1 pair of boots
Stlth    ++........             d - amulet of magic regeneration
HPRegen  0.21/turn              y - ring of willpower
MPRegen  0.42/turn              (no ring)

@: very slightly contaminated
A: breathe power, unfitting armour, cold-blooded, AC +7
a: Breathe Dispelling Energy, Renounce Religion, Draw Escape, Draw Destruction,
Draw Summoning, Triple Draw


You were on level 11 of the Dungeon.
You worshipped Nemelex Xobeh.
Nemelex Xobeh was most pleased with you.
You visited 2 branches of the dungeon, and saw 10 of its levels.

You collected 431 gold pieces.

Inventory:

Hand Weapons
 b - a +2 dagger of flaming (weapon)
Armour
 r - a +0 pair of gloves (worn)
 u - a +1 pair of boots (worn)
 w - a +0 cloak (worn)
Jewellery
 d - an amulet of magic regeneration (around neck)
 y - a ring of willpower (left hand)
Wands
 z - a wand of polymorph (10)
Scrolls
 c - 5 scrolls of amnesia
 e - a scroll of enchant armour
 g - 8 scrolls of teleportation
 h - a scroll of magic mapping
 i - a scroll of vulnerability {unknown}
 l - 5 scrolls of remove curse
 q - 2 scrolls of immolation {unknown}
 v - 2 scrolls of fear {unknown}
 x - 3 scrolls of enchant weapon {unknown}
Potions
 a - 2 potions of flight
 f - 2 potions of resistance
 j - a potion of berserk rage
 k - 2 potions of curing
 m - 3 potions of brilliance
 n - a potion of magic
 o - 2 potions of heal wounds {unknown}
 p - 2 potions of lignification {unknown}
 s - 2 potions of mutation {unknown}
 t - 3 potions of degeneration {unknown}
 A - a potion of haste {unknown}


   Skills:
 + Level 1.8 Fighting
 + Level 3.5 Dodging
 + Level 4.3 Stealth
 + Level 8.9 Spellcasting
 + Level 9.3 Conjurations
 * Level 5.9 Translocations


You had 18 spell levels left.
You knew the following spells:

 Your Spells              Type           Power        Failure   Level
a - Magic Dart            Conj           100%         1%          1
b - Searing Ray           Conj           96%          1%          2
c - Iskenderun's Mystic   Conj/Tloc      41%          3%          4

Your spell library contained the following spells:

 Spells                   Type           Power        Failure   Level
 Dazzling Flash           Conj/Hex       56%          3%          3
 Stone Arrow              Conj/Erth      56%          3%          3
 Sandblast                Erth           18%          8%          1
 Passwall                 Tmut/Erth      7%           11%         2
 Fulminant Prism          Conj/Hex       14%          11%         4
 Petrify                  Tmut/Erth      9%           58%         4
 Lee's Rapid Deconstruct  Erth           4%           90%         5


Dungeon Overview and Level Annotations

Branches:
Dungeon (8/15)             Temple (1/1) D:4
   Lair: D:8-11

Altars:
Ashenzari
Cheibriados
Dithmenos
Elyvilon
Fedhas
Gozag
Hepliaklqana
Kikubaaqudgha
Makhleb
Nemelex Xobeh
Qazlal
Ru
Sif Muna
Trog
Uskayaw
Wu Jian
Xom
Yredelemnul
Zin
The Shining One

Shops:
D:7 }


Innate Abilities, Weirdness & Mutations

You can breathe bolts of dispelling energy.
Your rich purple scales are hard. (AC +7)
You cannot fit into any form of body armour.
You are cold-blooded and may be slowed by cold attacks.


Message History

You erupt in a blast of force!
The mystic blast hits the ettin!
The ettin is heavily wounded.
The ettin is knocked back by the mystic blast.
Casting: Iskenderun's Mystic Blast (dangerous; 3% risk of failure)
Confirm with . or Enter, or press ? or * to list all spells.
Okay, then.
Okay, then.
Aiming: Magic Dart (safe; 1% risk of failure)
Press: ? - help, Q - select action, (/) - cycle Shift-Dir - straight line, f/p - ettin
Aim: an ettin (heavily wounded, misshapen and mutated, 0% to evade)
The magic dart hits the ettin but does no damage.
The ettin is heavily wounded.
You draw a card...
You have drawn the Illusion.
Suddenly you stand beside yourself.
A troll comes into view.
The ettin hits you!
* * * LOW HITPOINT WARNING * * *
The ettin hits you!
You die...
Your body glows slightly and disappears.

#########.#
#.@........
#..C.........## ##
#..@.......^... ...
#............# >...
#............#
.....###.......[....#
.B.....#T[..........#
#........[.....#
###............#


You could see an ettin (misshapen), a troll and the friendly Almogavar's
illusion (summoned).

Vanquished Creatures
  Pikel (D:8)
  Psyche (D:8)
  Grinder (D:4)
  Grum (D:8)
  An orc warrior (D:7)
  A black bear (D:6)
  A phantom (D:5)
  A sky beast (D:5)
  3 wolves
  An ogre (D:5)
  A centaur (D:6)
  3 bullfrogs
  2 killer bees (D:8)
  A scorpion (D:5)
  3 howler monkeys
  A wight (D:7)
  A crimson imp (D:7)
  A quasit (D:5)
  2 orc priests
  6 hounds
  2 bullfrog skeletons (D:8)
  A centaur skeleton (D:6)
  2 jellies (D:5)
  7 orc wizards
  Crazy Yiuf (D:3)
  4 worker ants
  3 iguanas
  18 adders
  A shadow imp (D:7)
  A white imp (D:3)
  An ooze (D:3)
  An ufetubus (D:6)
  An adder skeleton (D:4)
  A worm (D:3)
  2 dart slugs
  4 leopard geckos
  22 orcs
  3 bats
  3 giant cockroaches (D:3)
  4 goblins
  8 hobgoblins
  9 jackals
  10 kobolds
  6 quokkas
  6 ball pythons
  A frilled lizard (D:2)
  A jackal skeleton (D:4)
  A quokka skeleton (D:4)
  A quokka zombie (D:7)
  9 rats
167 creatures vanquished.

Vanquished Creatures (collateral kills)
  A killer bee (D:8)
  An iguana (D:8)
2 creatures vanquished.

Vanquished Creatures (others)
  A fungus (D:3)
1 creature vanquished.

Grand Total: 170 creatures vanquished

Notes
Turn   | Place    | Note
-------+----------+-------------------------------------------
     0 | D:1      | Almogavar the Draconian Conjurer began the quest for the
                  | Orb.
     0 | D:1      | Reached XP level 1. HP: 14/14 MP: 3/3
   222 | D:1      | Reached XP level 2. HP: 20/20 MP: 1/5
   905 | D:2      | Learned a level 2 spell: Searing Ray
   925 | D:2      | Reached XP level 3. HP: 26/26 MP: 3/6
  1368 | D:2      | Reached skill level 5 in Conjurations
  1492 | D:2      | Reached XP level 4. HP: 33/33 MP: 1/7
  2175 | D:2      | Reached XP level 5. HP: 24/38 MP: 2/9
  2853 | D:3      | Found a runed translucent door.
  2854 | D:3      | Noticed Crazy Yiuf
  2862 | D:3      | Killed Crazy Yiuf
  3217 | D:4      | Reached XP level 6. HP: 46/46 MP: 8/11
  3287 | D:4      | Noticed Grinder
  3299 | D:4      | Killed Grinder
  3300 | D:4      | Reached skill level 6 in Conjurations
  3300 | D:4      | Your scales start taking on a rich purple colour.
  3300 | D:4      | Reached skill level 5 in Spellcasting
  3300 | D:4      | Reached XP level 7. HP: 48/51 MP: 3/15
  3410 | D:4      | Found a staircase to the Ecumenical Temple.
  3419 | Temple   | Entered the Ecumenical Temple
  3476 | Temple   | Became a worshipper of Nemelex Xobeh the Trickster
  3577 | D:4      | Learned a level 4 spell: Iskenderun's Mystic Blast
  3632 | D:4      | Reached skill level 1 in Translocations
  3859 | D:5      | Entered Level 5 of the Dungeon
  4042 | D:5      | Reached skill level 7 in Conjurations
  4184 | D:5      | Reached * piety under Nemelex Xobeh
  4451 | D:5      | Reached XP level 8. HP: 54/58 MP: 9/16
  4472 | D:5      | Received a gift from Nemelex Xobeh
  4488 | D:5      | Found a sacrificial altar of Ru.
  4742 | D:5      | Found a hide-covered altar of Uskayaw.
  4833 | D:6      | Found a blossoming altar of Fedhas.
  5223 | D:6      | Reached ** piety under Nemelex Xobeh
  5223 | D:6      | Received a gift from Nemelex Xobeh
  5234 | D:6      | Reached skill level 8 in Conjurations
  5539 | D:6      | Found a shimmering blue altar of Sif Muna.
  5939 | D:7      | Found Ulluceits's Gadget Emporium.
  6078 | D:7      | Found a glowing silver altar of Zin.
  6134 | D:7      | Reached XP level 9. HP: 52/63 MP: 17/20
  6313 | D:7      | Reached skill level 1 in Fighting
  6351 | D:7      | Received a gift from Nemelex Xobeh
  6442 | D:7      | Found a shimmering altar of Xom.
  6442 | D:7      | Found a burning altar of Makhleb.
  6569 | D:8      | Noticed Psyche
  6580 | D:8      | Reached skill level 5 in Translocations
  6584 | D:8      | Killed Psyche
  6585 | D:8      | Noticed Pikel
  6586 | D:8      | HP: 3/64 [wolf[Grum] (2)]
  7130 | D:8      | Noticed Grum
  7141 | D:8      | Killed Grum
  7145 | D:8      | Reached skill level 9 in Conjurations
  7209 | D:8      | Killed Pikel
  7272 | D:8      | Reached *** piety under Nemelex Xobeh
  7289 | D:8      | You fall into a shaft and drop 3 floors!
  7301 | D:11     | Noticed a boulder beetle
  7314 | D:11     | Noticed an ettin
  7314 | D:11     | a boulder beetle changed into an ettin
  7323 | D:11     | Noticed a troll
  7324 | D:11     | Mangled by an ettin

Illustrated notes

Levels and vault maps discovered:
D:1:      saegor_arrival_miasma, layout_basic, minmay_octomino_j4
D:2:      layout_basic, glass_columns_b, minmay_snake_closets
D:3:      layout_rooms, uniq_crazy_yiuf_cottage
D:4:      layout_cave_pools, minmay_temple_entry_antechambers, uniq_grinder
D:5:      layout_gridville, kennysheep_mini, lemuel_crystal_altar
D:6:      layout_basic, fedhas_altar_3, led_sif_pool
D:7:      layout_basic, grunt_temple_overflow_champion_of_chaos,
          kennysheep_little_box, serial_shops, shop_fountains,
          minmay_joined_circles
D:8:      layout_cave_pools, lair_entry_dummy, uniq_prince_ribbit1,
          uniq_maurice, uniq_pikel, uniq_grum, uniq_psyche
D:11:     layout_roguey, serial_shops, shop, uniq_harold
Temple:   zaba_magenta_temple

Skill      XL: |  1  2  3  4  5  6  7  8  9 |
---------------+----------------------------+-----
Dodging        | 2 3 |  3.5
Conjurations   | 5 6 7 8 9 |  9.3
Stealth        | 2 3 4 |  4.3
Spellcasting   | 3 5 7 8 |  8.9
Translocations | 2 4 5 |  5.9
Fighting       | 1 |  1.8

Action                   |  1- 3 |  4- 6 |  7- 9 || total
-------------------------+-------+-------+-------++-------
Melee: Dagger            |     9 |     2 |     1 ||    12
       Tailslap          |       |       |     1 ||     1
 Cast: Magic Dart        |    49 |    48 |    63 ||   160
       Searing Ray       |     4 |    35 |    72 ||   111
       Iskenderun's Myst |       |       |     7 ||     7
Invok: Draw Summoning    |       |       |     2 ||     2
       Draw Escape       |       |       |     1 ||     1
       Draw Destruction  |       |       |     1 ||     1
  Use: Scroll            |     5 |     6 |     5 ||    16
       Potion            |       |       |     1 ||     1
 Stab: Sleeping          |     1 |     2 |       ||     3
Armor: Skin              |     3 |    17 |    36 ||    56
Dodge: Dodged            |    18 |    22 |    52 ||    92
